 Dungeon Crawl Stone Soup version 0.27-a0-1181-g5f64966fcc (webtiles) character file.

Game seed: 323535985253721319

2082 Mesmaeker13 the Bolt Thrower (level 9, -6/79 HPs)
             Began as a Deep Dwarf Hunter on May 17, 2021.
             Was a Follower of Makhleb.
             Mangled by Grum
             ... wielding a +1 glaive
              (7 damage)
             ... on level 8 of the Dungeon.
             The game lasted 00:14:10 (6321 turns).

Mesmaeker13 the Bolt Thrower (Deep Dwarf Hunter)    Turns: 6321, Time: 00:14:11

Health: -6/79      AC: 10    Str: 18    XL:     9   Next: 6%
Magic:  5/5        EV: 10    Int: 13    God:    Makhleb [*.....]
Gold:   416        SH:  7    Dex: 13    Spells: 8/8 levels left

rFire    . . .     SeeInvis .   B - +1 war axe (flame)
rCold    + . .     Faith    .   m - +2 buckler
rNeg     . . .     Spirit   .   b - +0 scale mail
rPois    .         Reflect  .   (no helmet)
rElec    .         Harm     .   (no cloak)
rCorr    .         Rampage  .   o - +0 pair of gloves
Will     +....                  j - +0 pair of boots
Stlth    ..........             (no amulet)
HPRegen  0.00/turn              s - ring of protection from cold
MPRegen  0.09/turn              (no ring)

@: no status effects
A: damage resistance, heal wounds, sense surroundings 2, no regeneration
a: Heal Wounds, Renounce Religion


You were on level 8 of the Dungeon.
You worshipped Makhleb.
Makhleb was aware of your devotion.
You visited 2 branches of the dungeon, and saw 9 of its levels.
You also visited: Ossuary.

You collected 416 gold pieces.

Inventory:

Hand Weapons
 a - a +1 vorpal hand crossbow
 B - a +1 war axe of flaming (weapon)
 D - a +1 war axe of freezing
Missiles
 d - 52 bolts
 f - 5 javelins (quivered)
Armour
 b - a +0 scale mail (worn)
 j - a +0 pair of boots (worn)
 k - a +2 kite shield
 m - a +2 buckler (worn)
 n - a +0 chain mail
 o - a +0 pair of gloves (worn)
Jewellery
 l - a ring of flight
 s - a ring of protection from cold (left hand)
Wands
 e - a wand of paralysis (6)
Scrolls
 g - 2 scrolls of magic mapping
 h - 2 scrolls of noise {unknown}
 i - 2 scrolls of fog {unknown}
 p - 2 scrolls of blinking {unknown}
 q - a scroll of silence
 r - 2 scrolls of enchant weapon {unknown}
 v - 2 scrolls of vulnerability
 x - a scroll of holy word {unknown}
 y - a scroll of fear {unknown}
Potions
 c - a potion of curing {unknown}
 t - a potion of might {unknown}
 u - a potion of berserk rage {unknown}
 w - 3 potions of brilliance
 z - a potion of heal wounds {unknown}
 A - a potion of flight


   Skills:
 - Level 4.5 Fighting
 + Level 3.8 Axes
 + Level 7.9 Crossbows
 + Level 5.9 Armour
 - Level 3.1 Dodging
 - Level 1.2 Stealth
 + Level 6.2 Shields


You had 8 spell levels left.
You didn't know any spells.
Your spell library contained the following spells:

 Spells                   Type           Power      Damage    Failure   Level
 Confusing Touch          Hex            0%         N/A       95%         3
 Gell's Gravitas          Tloc           0%         N/A       95%         3
 Petrify                  Tmut/Erth      0%         N/A       100%        4
 Metabolic Englaciation   Hex/Ice        0%         N/A       100%        5
 Yara's Violent Unravell  Hex/Tmut       0%         3d3       100%        5


Dungeon Overview and Level Annotations

Branches:
Dungeon (8/15)             Temple (1/1) D:4         Ossuary (visited)
   Lair: D:8-11

Altars:
Ashenzari
Gozag
Hepliaklqana
Kikubaaqudgha
Makhleb
Nemelex Xobeh
Qazlal
Ru
Trog
Uskayaw
Vehumet
Wu Jian
Xom
Yredelemnul
Zin

Annotations:
D:2 Sigmund
D:7 1 runed translucent door, Crazy Yiuf
D:8 Grum


Innate Abilities, Weirdness & Mutations

You are resistant to damage.
You can heal yourself by infusing magical energy.
You passively map the area around you.
You do not regenerate.


Message History

Makhleb accepts your kill.
You closely miss the orc. The orc barely misses you.
The orc hits you but does no damage.
There is a stone staircase leading up here.
Grum hits you from afar with a +1 glaive!!
The orc hits you with a +0 flail.
You climb upwards.
Level annotation: 1 runed translucent door, Crazy Yiuf
There is a stone staircase leading down here.
You closely miss the orc. The orc closely misses you.
You hit the orc. You burn the orc.
The orc is moderately wounded.
The orc hits you but does no damage.
You closely miss the orc.
The orc is lightly wounded.
You block the orc's attack. x2
You slash the orc! You burn the orc.
You kill the orc!
Makhleb accepts your kill.
You feel better.
A - a potion of flight You see here a +0 flail.
You feel much better.
There is a stone staircase leading down here.
You climb downwards.
Level annotation: Grum Grum hits you from afar with a +1 glaive.
There is a stone staircase leading up, spattered with blood here.
Grum hits you with a +1 glaive!
You hit Grum but do no damage. Grum closely misses you.
You hit Grum. You burn Grum.
Grum is lightly wounded.
Grum hits you with a +1 glaive!
* * * LOW HITPOINT WARNING * * *
You closely miss Grum.
Grum is lightly wounded.
Grum hits you with a +1 glaive!!
* * * LOW HITPOINT WARNING * * *
Grum hits you with a +1 glaive!
You die...

###### *# *
#....# , .##*
##.g..# * ,...
#..(@.#
#.#####....<#
#.......#####
###.##..# #
#..##..# .*
**#.#....# !##
...#.##.#
..####.###.##.#
#<..##o #.##.#


You could see Grum.

Vanquished Creatures
  A steam dragon (D:8)
  Menkaure (D:5)
  A water moccasin (D:6)
  An orc warrior (D:6)
  An ice beast (D:7)
  An ogre (D:7)
  2 wolves
  A phantom (D:3)
  A water moccasin zombie (D:5)
  A wyvern skeleton (D:5)
  2 wights
  6 howler monkeys
  A centaur zombie (D:7)
  2 gnoll shamans
  A hound (D:4)
  4 iguanas
  A jelly (D:8)
  A scorpion zombie (D:5)
  Natasha (thrice) (D:2)
  2 orc wizards
  A hound skeleton (D:4)
  A mummy (Ossuary)
  12 gnolls
  8 adders
  A shadow imp (D:5)
  A white imp (D:6)
  2 ufetubi
  2 adder skeletons
  A worm (D:2)
  3 dart slugs
  16 orcs
  4 spectral bats (Ossuary)
  An endoplasm (D:1)
  12 gnoll zombies (Ossuary)
  6 goblins
  7 hobgoblins
  7 jackals
  2 quokkas
  10 ball pythons
  6 bats
  A bat simulacrum (Ossuary)
  2 goblin simulacra (Ossuary)
  6 goblin zombies (Ossuary)
  3 hobgoblin zombies (Ossuary)
  6 kobolds
  3 kobold simulacra (Ossuary)
  5 kobold zombies (Ossuary)
  4 orc zombies (Ossuary)
  7 rats
  2 rat simulacra (Ossuary)
  3 spectral kobolds (Ossuary)
  5 spectral rats (Ossuary)
184 creatures vanquished.

Vanquished Creatures (others)
  2 bushes (D:7)
  10 plants (D:3)
12 creatures vanquished.

Grand Total: 196 creatures vanquished

Notes
Turn   | Place    | Note
-------+----------+-------------------------------------------
     0 | D:1      | Mesmaeker13 the Deep Dwarf Hunter began the quest for the
                  | Orb.
     0 | D:1      | Reached XP level 1. HP: 19/19 MP: 1/1
    39 | D:1      | Reached XP level 2. HP: 26/26 MP: 2/2
   596 | D:2      | Reached XP level 3. HP: 30/32 MP: 3/3
   620 | D:2      | Reached skill level 1 in Shields
   690 | D:2      | Noticed Natasha
   698 | D:2      | Killed Natasha
   699 | D:2      | Reached skill level 5 in Crossbows
   699 | D:2      | Reached XP level 4. HP: 29/40 MP: 4/4
   960 | D:2      | Found a sparkling altar of Nemelex Xobeh.
  1039 | D:2      | Noticed Natasha
  1042 | D:2      | Killed Natasha
  1185 | D:2      | Noticed Natasha
  1192 | D:2      | Killed Natasha
  1193 | D:2      | Reached skill level 1 in Armour
  1193 | D:2      | Reached XP level 5. HP: 35/48 MP: 5/5
  1223 | D:2      | Noticed Sigmund
  1867 | D:3      | Found a faded altar of an unknown god.
  2274 | D:3      | Found a hazy altar of Hepliaklqana.
  2353 | D:4      | Noticed a phantom
  2386 | D:3      | Killed a phantom
  2387 | D:3      | Reached XP level 6. HP: 29/56 MP: 5/5
  2561 | D:4      | Found a sand-covered staircase.
  2568 | Ossuary  | Entered an ossuary
  3185 | D:4      | Reached skill level 6 in Crossbows
  3387 | D:4      | Found a staircase to the Ecumenical Temple.
  3422 | D:4      | Found a bloodstained altar of Trog.
  3744 | Temple   | Entered the Ecumenical Temple
  3755 | Temple   | Became a worshipper of Makhleb the Destroyer
  3809 | D:5      | Entered Level 5 of the Dungeon
  3862 | D:5      | Reached XP level 7. HP: 48/63 MP: 5/5
  4358 | D:5      | Noticed Menkaure
  4365 | D:5      | Killed Menkaure
  4422 | D:5      | Reached * piety under Makhleb
  4686 | D:6      | Reached XP level 8. HP: 29/73 MP: 5/5
  4741 | D:6      | Reached skill level 1 in Axes
  4774 | D:6      | Reached skill level 7 in Crossbows
  4774 | D:6      | Reached skill level 5 in Shields
  5194 | D:7      | Reached skill level 5 in Armour
  5508 | D:7      | Found a basalt altar of Yredelemnul.
  5825 | D:7      | Found a runed translucent door.
  5826 | D:7      | Noticed Crazy Yiuf
  5828 | D:7      | Identified the +7 mace "Mungauf" {flame, Str+4 Int+2}
  5993 | D:8      | Noticed Grum
  6035 | D:7      | Gained mutation: You passively map the area around you.
                  | [Deep Dwarf growth]
  6035 | D:7      | Reached XP level 9. HP: 19/79 MP: 5/5
  6321 | D:8      | HP: 1/79 [Grum/+1 glaive (21)]
  6321 | D:8      | Mangled by Grum

Illustrated notes

Levels and vault maps discovered:
D:1:      minmay_arrival_diagonal_passages, layout_rooms
D:2:      layout_loops_ring, basic_altar, uniq_natasha, uniq_sigmund
D:3:      wad_lake_hut, layout_loops_ring, nzn_hepliaklqana_mist_gate,
          ebering_ecumenical_altar_ruins
D:4:      layout_loops_ring, lemuel_coloured_pillars_altar, temple_statues,
          nicolae_ossuary_entry_monument
D:5:      layout_gridville, uniq_menkaure
D:6:      layout_rooms
D:7:      layout_basic, kennysheep_mini, minmay_hedge_maze,
          uniq_crazy_yiuf_cottage
D:8:      layout_rooms, uniq_grum, uniq_maurice, uniq_pikel
Temple:   lightli_temple_of_artemis

Skill      XL: |  1  2  3  4  5  6  7  8 |
---------------+-------------------------+-----
Fighting       | 2 3 4 |  4.5
Shields        | 1 2 3 4 6 |  6.2
Dodging        | 3 |  3.1
Crossbows      | 5 6 7 |  7.9
Armour         | 1 2 3 4 5 |  5.9
Axes           | 3 |  3.8
Stealth        | |  1.2

Action                   |  1- 3 |  4- 6 |  7- 9 || total
-------------------------+-------+-------+-------++-------
Melee: Unarmed           |     5 |       |       ||     5
       Hand axe          |       |   194 |       ||   194
       War axe           |       |       |   111 ||   111
 Fire: Hand crossbow     |    37 |   152 |    91 ||   280
Throw: Javelin           |    18 |     3 |       ||    21
 Abil: Heal Wounds       |       |     5 |    10 ||    15
Evoke: Wand              |       |       |     2 ||     2
  Use: Scroll            |       |     5 |     1 ||     6
       Potion            |       |     2 |       ||     2
 Stab: Paralysed         |       |       |     2 ||     2
Armor: Leather armour    |     2 |       |       ||     2
       Ring mail         |     1 |    75 |       ||    76
       Skin              |     2 |       |       ||     2
       Scale mail        |       |     2 |    70 ||    72
Dodge: Dodged            |    13 |   130 |    69 ||   212
Block: Buckler           |       |    70 |    61 ||   131

Table legend: (Time is in decaauts)
 A = Elapsed time spent in this place.
 B = Non-inter-level travel time spent in this place.
 C = Inter-level travel time spent in this place.
 D = Time resting spent in this place.
 E = Time spent auto-exploring this place.
 F = Levels seen in this place.
 G = Mean time per level.
                   A        B        C        D        E       F      G
               +--------+--------+--------+--------+--------+-----+--------+
         Total |   6547 |   6254 |    293 |    816 |   3437 |  10 |  654.7 |
       Dungeon |   5976 |   5693 |    283 |    816 |   3437 |   8 |  747.0 |
        Temple |     22 |     12 |     10 |      0 |      0 |   1 |   22.0 |
       Ossuary |    548 |    548 |      0 |      0 |      0 |   1 |  548.0 |
               +--------+--------+--------+--------+--------+-----+--------+

Top non-repeatable levels by time:
     D:7: 1132 daAuts
     D:3: 1101 daAuts
     D:4: 1078 daAuts
     D:2: 837 daAuts
     D:5: 767 daAuts
 Ossuary: 548 daAuts
     D:1: 501 daAuts
     D:6: 405 daAuts
     D:8: 151 daAuts
  Temple: 22 daAuts
